 Dungeon Crawl Stone Soup version 0.31.0-11-ge490571c62 (webtiles) character file.

Game seed: 16225128148066610056

4307 qw the Markself (level 10, 0/59 HPs)
             Began as a Deep Elf Hunter on Feb 5, 2024.
             Succumbed to a killer bee's poison
             ... on level 9 of the Dungeon.
             The game lasted 00:02:52 (6903 turns).

qw the Markself (Deep Elf Hunter)                   Turns: 6903, Time: 00:02:52

Health: 0/59       AC: 12    Str: 12    XL:     10   Next: 11%
Magic:  4/12       EV: 14    Int: 15    God:
Gold:   201        SH:  0    Dex: 18    Spells: 9/9 levels left

rFire   . . .        h - +0 orcbow
rCold   . . .        (shield currently unavailable)
rNeg    . . .        i - +1 ring mail
rPois   .            g - +2 helmet
rElec   .            m - +2 cloak
rCorr   .            (no gloves)
SInv    .            (no boots)
Will    ++...        j - amulet of guardian spirit
Stlth   +            f - ring of willpower
HPRegen 0.29/turn    c - +4 ring of slaying {mikee}
MPRegen 0.13/turn

%: guardian spirit
@: lethally poisoned (0 -> -7)
A: no striking features
a: no special abilities


You were on level 9 of the Dungeon.
You visited 2 branches of the dungeon, and saw 10 of its levels.

You collected 416 gold pieces.
You spent 215 gold pieces at shops.


   Skills:
 - Level 5.0 Fighting
 - Level 16.0 Ranged Weapons
 - Level 2.0 Armour
 + Level 7.4 Dodging
 - Level 1.2 Stealth


You had 9 spell levels left.
You didn't know any spells.
Your spell library was empty.

Inventory:

Hand Weapons
 h - a +0 orcbow (weapon)
Armour
 g - a +2 helmet (worn)
 i - a +1 ring mail (worn)
 m - a +2 cloak (worn)
Jewellery
 c - a +4 ring of slaying (right hand) {mikee}
 f - a ring of willpower (left hand)
 j - an amulet of guardian spirit (around neck)
Wands
 d - a wand of charming (23)
Scrolls
 l - a scroll of immolation {unknown}
Potions
 a - a potion of might
 b - 3 potions of mutation
 e - 2 potions of curing
 k - a potion of cancellation
 n - a potion of heal wounds {unknown}
 o - a potion of enlightenment
 p - a potion of lignification {unknown}
 q - a potion of berserk rage {unknown}

Dungeon Overview and Level Annotations

Branches:
Dungeon (9/15)             Temple (1/1) D:7
   Lair: D:8-11         Orc: D:9-12

Altars:
Ashenzari
Cheibriados
Dithmenos
Elyvilon
Fedhas
Gozag
Kikubaaqudgha
Makhleb
Qazlal
Ru
Sif Muna
Trog
Uskayaw
Vehumet
Wu Jian
Xom
Yredelemnul
Zin

Shops:
D:1 [   D:4 [(*([   D:6 =

Annotations:
D:5 1 transporter, qw's ghost, novice DEHu


Message History

You shoot an arrow.
The arrow closely misses the killer bee.
You feel sick.
The killer bee stings you. x2; The killer bee barely misses you.
The killer bee stings you but does no damage.
You shoot an arrow. The arrow misses the killer bee.
You feel sick.
The killer bee stings you but does no damage.
The killer bee closely misses you.
You shoot an arrow. The arrow misses the killer bee.
You feel sick. The killer bee stings you!
You are more poisoned.
The killer bee poisons you! The killer bee completely misses you.
The killer bee stings you but does no damage.
The killer bee barely misses you.
You shoot an arrow. The arrow misses the killer bee.
You feel very sick. The killer bee barely misses you.
The killer bee stings you.
You are lethally poisoned!
The killer bee poisons you! The killer bee closely misses you.
The killer bee stings you.
You shoot an arrow. The arrow hits the killer bee.
The killer bee is heavily wounded.
You feel very sick.
The killer bee stings you but does no damage. x2
You shoot an arrow.
The arrow closely misses the killer bee.
You feel very sick. The killer bee barely misses you. x2
The killer bee stings you but does no damage.
The killer bee stings you.
You shoot an arrow. The arrow hits the killer bee!
You kill the killer bee!
You feel sick. The killer bee closely misses you.
The killer bee stings you but does no damage.
You shoot an arrow.
The arrow hits the killer bee but does no damage.
You feel sick. The killer bee completely misses you.
You shoot an arrow.
The arrow closely misses the killer bee.
You die...

############
###..........#
#.'..........#
..yy..#..........#
..### #..........#
#..........#
#####y######
#%@.### ###...#
###.#
##########.##
#...........#
#...........#
###...........#
..............#
#...........#


You could see a killer bee.

Vanquished Creatures
  Sigmund (D:3)
  A wyvern (D:8)
  A water moccasin (D:8)
  4 ice beasts
  3 sky beasts
  2 ogres
  2 centaurs
  3 bullfrogs
  5 scorpions
  19 wights
  15 killer bees
  A jelly (D:4)
  A bombardier beetle (D:7)
  6 orc priests
  A hound (D:6)
  Jessica (D:2)
  Ijyb (D:3)
  Terence (D:3)
  An iguana (D:6)
  6 orc wizards
  8 gnolls (D:4)
  4 adders
  7 river rats
  2 shadow imps
  4 ufetubi
  6 dart slugs
  11 orcs
  4 endoplasms
  3 giant cockroaches
  13 goblins
  7 hobgoblins
  2 jackals (D:1)
  3 kobolds
  A quokka (D:3)
  5 ball pythons
  4 bats
  A frilled lizard (D:1)
  19 rats
179 creatures vanquished.

Notes
Turn   | Place    | Note
-------+----------+-------------------------------------------
     0 | D:1      | qw the Deep Elf Hunter began the quest for the Orb.
     0 | D:1      | Reached XP level 1. HP: 12/12 MP: 3/3
     0 | D:1      | 0 ||| qw: Version: 0.3-a-160-g6735b56
     0 | D:1      | 0 ||| qw: Game counter: 6363
     0 | D:1      | 0 ||| qw: Melee chars always use a shield: true
     0 | D:1      | 0 ||| qw: God list: Okawaru
     0 | D:1      | 0 ||| qw: Allow faded altars: false
     0 | D:1      | 0 ||| qw: Do Orc after clearing Dungeon:15 true
     0 | D:1      | 0 ||| qw: Do second Lair branch before Depths: true
     0 | D:1      | 0 ||| qw: Lair rune preference: random
     0 | D:1      | 0 ||| qw: Goals: Normal
     0 | D:1      | 0 ||| PLANNING D:1-11
    71 | D:1      | Reached XP level 2. HP: 16/16 MP: 4/4
    76 | D:1      | Reached skill level 6 in Ranged Weapons
   105 | D:1      | Found Yfor's Antique Armour Shop.
   150 | D:1      | 150 ||| SHOPLISTING glowing ice dragon scales (1890 gold,
                  | have 29).
   150 | D:1      | 150 ||| SHOPLISTING glowing scale mail (210 gold, have 29).
   150 | D:1      | 150 ||| SHOPLISTING pair of gloves (135 gold, have 29).
   150 | D:1      | 150 ||| SHOPLISTING ring mail (120 gold, have 29).
   150 | D:1      | 150 ||| SHOPLISTING runed helmet (225 gold, have 29).
   150 | D:1      | 150 ||| SHOPLISTING runed scale mail (210 gold, have 29).
   207 | D:1      | Reached XP level 3. HP: 20/20 MP: 5/5
   431 | D:1      | 431 ||| UPGRADING to +0 ring mail.
   441 | D:1      | 441 ||| DROPPING +0 leather armour.
   442 | D:1      | 442 ||| READING 2 scrolls labelled LIPNUOC JOTIM.
   442 | D:1      | 442 ||| ENCHANTING +0 shortbow.
   443 | D:1      | 443 ||| READING scroll of enchant weapon.
   443 | D:1      | 443 ||| ENCHANTING +1 shortbow.
   444 | D:1      | 444 ||| READING scroll labelled RUSHAU PEUTWUSS.
   444 | D:1      | 444 ||| IDENTIFYING yellow potion
   445 | D:1      | 445 ||| READING scroll labelled GIDEB OPTITOS.
   445 | D:1      | 445 ||| ENCHANTING +0 ring mail.
   446 | D:1      | 446 ||| READING scroll labelled UCZYIVE KOESIE.
   447 | D:1      | 447 ||| DRINKING 2 fuming sapphire potions.
   448 | D:1      | 448 ||| DRINKING potion of curing.
   448 | D:1      | 448 ||| (to cure confusion)
   449 | D:1      | 449 ||| DROPPING scroll of butterflies.
   450 | D:1      | 450 ||| DROPPING potion of ambrosia.
   523 | D:2      | Noticed Jessica
   527 | D:2      | Killed Jessica
   528 | D:2      | Reached skill level 7 in Ranged Weapons
   757 | D:2      | Reached XP level 4. HP: 25/25 MP: 6/6
   835 | D:2      | Found a faded altar of an unknown god.
  1175 | D:2      | 1175 ||| DROPPING ring of magical power.
  1176 | D:2      | 1176 ||| UPGRADING to ring of willpower.
  1247 | D:3      | Noticed Sigmund
  1255 | D:3      | Killed Sigmund
  1256 | D:3      | Reached skill level 9 in Ranged Weapons
  1256 | D:3      | Reached XP level 5. HP: 15/29 MP: 7/7
  1442 | D:3      | Noticed Ijyb
  1448 | D:3      | Killed Ijyb
  1449 | D:3      | Reached XP level 6. HP: 35/35 MP: 8/8
  1541 | D:3      | Noticed Terence
  1553 | D:3      | Killed Terence
  1689 | D:3      | Identified the +7 sling of qw's Terror {flame, Int+5 Dex+5}
  1691 | D:3      | 1691 ||| SWAPPING to +7 sling of qw's Terror {flame, Int+5
                  | Dex+5}.
  1692 | D:3      | 1692 ||| DROPPING +2 shortbow.
  1717 | D:3      | 1717 ||| RETREEEEATING.
  1720 | D:3      | 1720 ||| RETREEEEATING.
  1723 | D:3      | Reached skill level 3 in Dodging
  1726 | D:3      | HP: 5/35 [orc priest/divine providence (14)]
  1732 | D:3      | Reached skill level 10 in Ranged Weapons
  1732 | D:3      | HP: 5/35 [something (2)]
  1892 | D:3      | Identified the +0 ring mail "Zomayv" {+Blink Str+6 Dex-5}
  2094 | D:3      | Found an ornate altar of the Wu Jian Council.
  2180 | D:3      | Found a broken altar of Ashenzari.
  2184 | D:3      | 2184 ||| DROPPING +0 ring mail "Zomayv" {+Blink Str+6
                  | Dex-5}.
  2185 | D:3      | 2185 ||| READING scroll labelled KIS AHEAKEOZOS.
  2186 | D:3      | 2186 ||| READING scroll labelled WET AHE HAHUOLU.
  2287 | D:3      | 2287 ||| DRINKING 2 lumpy grey potions.
  2288 | D:3      | 2288 ||| DROPPING potion of magic.
  2307 | D:4      | Reached XP level 7. HP: 40/40 MP: 9/9
  2357 | D:4      | Found Vesun's Weapon Shoppe.
  2359 | D:4      | Found Ynoqegg's Armour Shop.
  2367 | D:4      | Reached skill level 11 in Ranged Weapons
  2374 | D:4      | 2374 ||| BUYING +0 cloak (45 gold).
  2374 | D:4      | Bought a +0 cloak for 45 gold pieces
  2374 | D:4      | 2374 ||| SHOPLISTING +1 pair of boots "Vidghonti" {Regen+
                  | Int+3} (228 gold, have 128).
  2374 | D:4      | 2374 ||| SHOPLISTING +3 scale mail of cold resistance (260
                  | gold, have 128).
  2374 | D:4      | 2374 ||| SHOPLISTING +4 leather armour "Qeow Dau" {rElec
                  | rN+ MP-9} (220 gold, have 128).
  2416 | D:4      | Found Pywacu's Weapon Emporium.
  2430 | D:4      | Found a white marble altar of Elyvilon.
  2467 | D:4      | Found Fookhlo's Antique Armour Shoppe.
  2516 | D:4      | 2516 ||| BUYING embroidered cloak (150 gold).
  2516 | D:4      | Bought an embroidered cloak for 150 gold pieces
  2516 | D:4      | 2516 ||| SHOPLISTING glowing leather armour (100 gold, have
                  | 13).
  2535 | D:4      | Found Ludiff's Assorted Antiques.
  2540 | D:4      | 2540 ||| SHOPLISTING dented garnet amulet (115 gold, have
                  | 23).
  2540 | D:4      | 2540 ||| SHOPLISTING lumpy bronze amulet (115 gold, have
                  | 23).
  2540 | D:4      | 2540 ||| SHOPLISTING potion of curing (69 gold, have 23).
  2540 | D:4      | 2540 ||| BUYING sedimented grey potion (20 gold).
  2540 | D:4      | Bought a sedimented grey potion for 20 gold pieces
  2597 | D:4      | 2597 ||| UPGRADING to +0 cloak.
  2602 | D:4      | 2602 ||| DROPPING scarf of harm.
  2603 | D:4      | 2603 ||| UPGRADING to +1 cloak.
  2613 | D:4      | 2613 ||| DROPPING +0 cloak.
  2614 | D:4      | 2614 ||| UPGRADING to +4 ring of slaying {mikee}.
  2615 | D:4      | 2615 ||| READING scroll of identify.
  2615 | D:4      | 2615 ||| IDENTIFYING bubbling emerald potion
  2616 | D:4      | 2616 ||| READING scroll labelled HOUWKIMIOS.
  2617 | D:4      | 2617 ||| READING scroll labelled CEETTEOSKA.
  2635 | D:5      | Entered Level 5 of the Dungeon
  2684 | D:5      | Reached skill level 1 in Armour
  2737 | D:5      | Reached skill level 12 in Ranged Weapons
  2737 | D:5      | Reached XP level 8. HP: 44/44 MP: 10/10
  2945 | D:5      | Found a transporter.
  2946 | D:5      | Noticed qw's ghost (novice DEHu)
  2946 | D:5      | Identified the +6 dire flail "Vofyluim" {heavy, +Blink rF+
                  | rC-}
  3312 | D:5      | 3312 ||| READING scroll of identify.
  3312 | D:5      | 3312 ||| IDENTIFYING glowing orange potion
  3313 | D:5      | 3313 ||| READING scroll labelled LAOXO GUMA.
  3414 | D:5      | 3414 ||| READING scroll labelled EMNUPR DUZXU.
  3417 | D:5      | 3417 ||| DRINKING 2 sedimented grey potions.
  3433 | D:6      | Found Irrepedgh's Jewellery Emporium.
  3436 | D:6      | Reached skill level 3 in Fighting
  3461 | D:6      | 3461 ||| SHOPLISTING amulet of reflection (300 gold, have
                  | 46).
  3461 | D:6      | 3461 ||| SHOPLISTING ring of fire (250 gold, have 46).
  3461 | D:6      | 3461 ||| SHOPLISTING ring of poison resistance (200 gold,
                  | have 46).
  3461 | D:6      | 3461 ||| SHOPLISTING ring of protection from cold (250
                  | gold, have 46).
  3801 | D:6      | Reached skill level 13 in Ranged Weapons
  4132 | D:6      | 4132 ||| READING scroll labelled LYGI KAEMUSOUJI.
  4217 | D:7      | 4217 ||| SWAPPING to +0 orcbow.
  4218 | D:7      | 4218 ||| DROPPING +7 sling of qw's Terror {flame, Int+5
                  | Dex+5}.
  4267 | D:7      | Found a staircase to the Ecumenical Temple.
  4268 | D:7      | 4268 ||| PLANNING TEMPLE
  4276 | Temple   | Entered the Ecumenical Temple
  4277 | Temple   | 4277 ||| PLANNING D:1-11
  4457 | D:7      | 4457 ||| RETREEEEATING.
  4459 | D:7      | 4459 ||| RETREEEEATING.
  4460 | D:7      | 4460 ||| RETREEEEATING.
  4467 | D:7      | Reached skill level 14 in Ranged Weapons
  4467 | D:7      | Reached XP level 9. HP: 38/51 MP: 11/11
  4531 | D:7      | 4531 ||| RETREEEEATING.
  4532 | D:7      | 4532 ||| RETREEEEATING.
  4602 | D:7      | 4602 ||| RETREEEEATING.
  4624 | D:7      | HP: 9/51 [killer bee (4)]
  4625 | D:7      | 4625 ||| READING scroll of teleportation.
  4627 | D:7      | HP: 3/51 [poisoned by a killer bee]
  4628 | D:7      | Reached skill level 15 in Ranged Weapons
  4630 | D:7      | 4630 ||| DRINKING 2 potions of curing.
  4630 | D:7      | 4630 ||| (to cure poison)
  4989 | D:7      | Identified the +7 flail of Fate {vamp, Fly Int+3 Dex+6}
  5174 | D:7      | 5174 ||| READING scroll of enchant armour.
  5174 | D:7      | 5174 ||| ENCHANTING +1 cloak.
  5175 | D:7      | 5175 ||| READING 3 scrolls of identify.
  5175 | D:7      | 5175 ||| IDENTIFYING emerald potion
  5176 | D:7      | 5176 ||| READING 2 scrolls of identify.
  5176 | D:7      | 5176 ||| IDENTIFYING inky potion
  5177 | D:7      | 5177 ||| READING scroll of identify.
  5177 | D:7      | 5177 ||| IDENTIFYING clear potion
  5178 | D:7      | 5178 ||| DROPPING potion of brilliance.
  5179 | D:7      | 5179 ||| DROPPING potion of degeneration.
  5216 | D:8      | 5216 ||| RETREEEEATING.
  5218 | D:8      | 5218 ||| RETREEEEATING.
  5219 | D:8      | 5219 ||| RETREEEEATING.
  5220 | D:8      | 5220 ||| RETREEEEATING.
  5221 | D:8      | 5221 ||| RETREEEEATING.
  5236 | D:8      | HP: 12/52 [killer bee (3)]
  5237 | D:8      | HP: 5/52 [killer bee (2)]
  5239 | D:8      | 5239 ||| DRINKING 2 potions of curing.
  5239 | D:8      | 5239 ||| (to cure poison)
  5259 | D:8      | HP: 10/52 [killer bee (4)]
  5264 | D:8      | HP: 5/52 [poisoned by a killer bee]
  5687 | D:8      | 5687 ||| FLEEEEING.
  5692 | D:8      | 5692 ||| RETREEEEATING.
  5699 | D:8      | Reached skill level 16 in Ranged Weapons
  5699 | D:8      | 5699 ||| FLEEEEING.
  5700 | D:8      | 5700 ||| FLEEEEING.
  5701 | D:8      | 5701 ||| FLEEEEING.
  5702 | D:8      | 5702 ||| FLEEEEING.
  5703 | D:8      | 5703 ||| FLEEEEING.
  5704 | D:8      | 5704 ||| FLEEEEING.
  5705 | D:8      | 5705 ||| FLEEEEING.
  5706 | D:8      | 5706 ||| FLEEEEING.
  5707 | D:8      | 5707 ||| FLEEEEING.
  5708 | D:8      | 5708 ||| FLEEEEING.
  5709 | D:8      | 5709 ||| FLEEEEING.
  5710 | D:8      | 5710 ||| FLEEEEING.
  5711 | D:8      | 5711 ||| FLEEEEING.
  5712 | D:8      | 5712 ||| FLEEEEING.
  5713 | D:8      | 5713 ||| FLEEEEING.
  5714 | D:8      | 5714 ||| FLEEEEING.
  5715 | D:8      | 5715 ||| FLEEEEING.
  5716 | D:8      | 5716 ||| FLEEEEING.
  5717 | D:8      | 5717 ||| FLEEEEING.
  5718 | D:8      | 5718 ||| FLEEEEING.
  5719 | D:8      | 5719 ||| FLEEEEING.
  5720 | D:8      | 5720 ||| STAIRDANCE
  5772 | D:7      | 5772 ||| READING scroll labelled OCEZAI GASI IRUI.
  5847 | D:8      | Found a radiant altar of Vehumet.
  5901 | D:8      | Reached skill level 6 in Dodging
  6167 | D:8      | 6167 ||| RETREEEEATING.
  6168 | D:8      | 6168 ||| RETREEEEATING.
  6171 | D:8      | 6171 ||| RETREEEEATING.
  6172 | D:8      | 6172 ||| RETREEEEATING.
  6173 | D:8      | 6173 ||| RETREEEEATING.
  6176 | D:8      | 6176 ||| RETREEEEATING.
  6251 | D:8      | 6251 ||| FLEEEEING.
  6263 | D:8      | 6263 ||| FLEEEEING.
  6264 | D:8      | 6264 ||| FLEEEEING.
  6265 | D:8      | 6265 ||| FLEEEEING.
  6266 | D:8      | 6266 ||| FLEEEEING.
  6267 | D:8      | 6267 ||| FLEEEEING.
  6268 | D:8      | 6268 ||| RETREEEEATING.
  6269 | D:8      | 6269 ||| RETREEEEATING.
  6271 | D:8      | 6271 ||| FLEEEEING.
  6272 | D:8      | 6272 ||| FLEEEEING.
  6273 | D:8      | 6273 ||| FLEEEEING.
  6285 | D:8      | 6285 ||| FLEEEEING.
  6286 | D:8      | 6286 ||| FLEEEEING.
  6287 | D:8      | 6287 ||| FLEEEEING.
  6290 | D:8      | 6290 ||| FLEEEEING.
  6291 | D:8      | 6291 ||| FLEEEEING.
  6292 | D:8      | 6292 ||| FLEEEEING.
  6293 | D:8      | 6293 ||| FLEEEEING.
  6294 | D:8      | 6294 ||| FLEEEEING.
  6295 | D:8      | 6295 ||| FLEEEEING.
  6296 | D:8      | 6296 ||| FLEEEEING.
  6297 | D:8      | 6297 ||| FLEEEEING.
  6298 | D:8      | 6298 ||| FLEEEEING.
  6299 | D:8      | 6299 ||| FLEEEEING.
  6300 | D:8      | 6300 ||| FLEEEEING.
  6301 | D:8      | 6301 ||| FLEEEEING.
  6302 | D:8      | 6302 ||| FLEEEEING.
  6303 | D:8      | 6303 ||| FLEEEEING.
  6304 | D:8      | 6304 ||| FLEEEEING.
  6305 | D:8      | 6305 ||| FLEEEEING.
  6306 | D:8      | 6306 ||| FLEEEEING.
  6307 | D:8      | 6307 ||| STAIRDANCE
  6367 | D:7      | 6367 ||| UPGRADING to +2 helmet.
  6374 | D:8      | 6374 ||| STAIRDANCE
  6389 | D:8      | 6389 ||| STAIRDANCE
  6401 | D:8      | 6401 ||| STAIRDANCE
  6407 | D:8      | 6407 ||| STAIRDANCE
  6414 | D:8      | 6414 ||| STAIRDANCE
  6462 | D:8      | Reached XP level 10. HP: 48/57 MP: 12/12
  6464 | D:8      | 6464 ||| FLEEEEING.
  6465 | D:8      | 6465 ||| FLEEEEING.
  6466 | D:8      | 6466 ||| FLEEEEING.
  6467 | D:8      | 6467 ||| FLEEEEING.
  6468 | D:8      | 6468 ||| FLEEEEING.
  6469 | D:8      | 6469 ||| FLEEEEING.
  6470 | D:8      | 6470 ||| FLEEEEING.
  6471 | D:8      | 6471 ||| FLEEEEING.
  6472 | D:8      | 6472 ||| FLEEEEING.
  6473 | D:8      | 6473 ||| FLEEEEING.
  6590 | D:8      | Found a glowing silver altar of Zin.
  6595 | D:8      | Found an ancient bone altar of Kikubaaqudgha.
  6675 | D:8      | 6675 ||| UPGRADING to amulet of guardian spirit.
  6873 | D:9      | 6873 ||| RETREEEEATING.
  6877 | D:9      | 6877 ||| RETREEEEATING.
  6878 | D:9      | 6878 ||| RETREEEEATING.
  6879 | D:9      | 6879 ||| RETREEEEATING.
  6880 | D:9      | 6880 ||| RETREEEEATING.
  6898 | D:9      | HP: 14/59 [poisoned by a killer bee]
  6900 | D:9      | HP: 6/59 [poisoned by a killer bee]
  6902 | D:9      | HP: 1/59 [poisoned by a killer bee]
  6903 | D:9      | Succumbed to a killer bee's poison

Levels and vault maps discovered:
D:1:      dpeg_arrival_simpleton_b, layout_rooms, serial_shops, shop
D:2:      layout_basic, dreamdust_ecumenical_altar_angels_and_demons,
          chequers_garden, dreamdust_princess_bridge, palyth_stone_intersect,
          uniq_jessica
D:3:      layout_loops_ring, mainiacjoe_overflow_alcove_4,
          nzn_wu_jian_council_hall, uniq_ijyb, uniq_terence, uniq_sigmund
D:4:      layout_gridville, overflow_temple_1_default, serial_shops,
          nicolae_shop_bloodbath_and_beyond, shop,
          nicolae_shop_overgrown_old_shop, nicolae_shop_waterfront, shop
D:5:      layout_loops_ring, gammafunk_ghost_smash
D:6:      layout_loops_ring, serial_shops, shop
D:7:      layout_basic, minmay_temple_entry_stoned_glass
D:8:      layout_loops_ring, amethyst_overflow_temple_binary,
          vehumet_altar_wand_db, supply_closet_lemuel, dk_rats_in_the_wall
D:9:      layout_roguey, gammafunk_temple_overflow_statue, serial_shops, shop
Temple:   nicolae_temple_godzebo

Skill      XL: |  1  2  3  4  5  6  7  8  9 10 |
---------------+-------------------------------+-----
Ranged Weapons | 6 7 9 10 12 14 16 | 16.0
Fighting       | 2 3 4 5 |  5.0
Dodging        | 4 5 7 |  7.4
Armour         | 1 2 |  2.0
Stealth        | |  1.2

Action                     |  1- 3 |  4- 6 |  7- 9 | 10-12 || total
---------------------------+-------+-------+-------+-------++-------
   Fire: Shortbow          |    80 |    74 |       |       ||   154
         Sling             |       |    38 |    75 |       ||   113
         Orcbow            |       |       |   222 |    61 ||   283
    Use: Scroll            |     5 |     2 |    13 |       ||    20
         Potion            |     2 |     1 |     3 |       ||     6
 Armour: Leather armour    |     6 |       |       |       ||     6
         Ring mail         |     3 |    25 |    75 |    41 ||   144
  Dodge: Dodged            |    10 |     9 |   104 |    46 ||   169

Table legend:
 A = Non-vault XP
 B = Vault XP
 C = Vault XP percentage of total XP
 D = Non-vault monster count
 E = Vault monster count
 F = Vault count percentage of total count
                 A         B        C        D         E       F
            +---------+---------+-------+---------+---------+-------
      Total |    5712 |     441 |   7.2 |     153 |      26 |  14.5
            +---------+---------+-------+---------+---------+-------
        D:1 |      51 |       0 |   0.0 |      24 |       0 |   0.0
        D:2 |      40 |      37 |  48.1 |      10 |       1 |   9.1
        D:3 |     279 |     295 |  51.4 |      28 |       3 |   9.7
        D:4 |     513 |       0 |   0.0 |      18 |       0 |   0.0
        D:5 |     424 |       0 |   0.0 |       7 |       0 |   0.0
        D:6 |     769 |       0 |   0.0 |      11 |       0 |   0.0
        D:7 |    1252 |      29 |   2.3 |      19 |       5 |  20.8
        D:8 |    1797 |      80 |   4.3 |      25 |      17 |  40.5
        D:9 |     587 |       0 |   0.0 |      11 |       0 |   0.0
            +---------+---------+-------+---------+---------+-------
